 Dungeon Crawl Stone Soup version 0.29.1-1-gd02db6906a (webtiles) character file.

Game seed: 5039335268831662617

27 Zeld the Chopper (level 2, 0/27 HPs)
             Began as a Minotaur Berserker on Oct 16, 2022.
             Was a Believer of Trog.
             Succumbed to an adder's poison
             ... on level 2 of the Dungeon.
             The game lasted 00:01:15 (656 turns).

Zeld the Chopper (Minotaur Berserker)                Turns: 656, Time: 00:01:15

Health: 0/27       AC:  2    Str: 21    XL:     2   Next: 93%
Magic:  1/1        EV: 12    Int:  4    God:    Trog [**....]
Gold:   12         SH:  0    Dex:  9    Spells: 1/1 levels left

rFire   + . .      SeeInvis .   j - +0 short sword (venom)
rCold   + . .      Faith    .   (no shield)
rNeg    . . .      Spirit   .   b - +0 animal skin
rPois   +          Reflect  .   (helmet restricted)
rElec   +          Harm     .   (no cloak)
rCorr   +          Rampage  .   (no gloves)
Will    .....                   (no boots)
Stlth   +.........              (no amulet)
HPRegen 0.09/turn               (no ring)
MPRegen 0.07/turn               (no ring)

@: lethally poisoned (0 -> -9), resistant
A: horns 2, retaliatory headbutt
a: Renounce Religion, Berserk, Trog's Hand


You were on level 2 of the Dungeon.
You worshipped Trog.
Trog was pleased with you.
You visited 1 branch of the dungeon, and saw 2 of its levels.

You collected 12 gold pieces.

Inventory:

Hand Weapons
 a - a +0 hand axe
 j - a +0 short sword of venom (weapon)
Armour
 b - a +0 animal skin (worn)
Scrolls
 g - a scroll of enchant armour {unknown}
 i - a scroll of fog {unknown}
 l - a scroll of magic mapping {unknown}
Potions
 c - a potion of brilliance {unknown}
 d - a potion of heal wounds {unknown}
 e - a potion of magic {unknown}
 f - a potion of curing {unknown}
 h - 2 potions of resistance
 k - a potion of degeneration {unknown}
 m - a potion of haste {unknown}


   Skills:
 + Level 3.9 Fighting
 * Level 4.2 Axes
 + Level 2.9 Armour
 + Level 2.6 Dodging


You had one spell level left.
You didn't know any spells.
Your spell library was empty.

Dungeon Overview and Level Annotations

Branches:
Dungeon (2/15)

Altars:


Innate Abilities, Weirdness & Mutations

You have a pair of horns on your head.
You reflexively headbutt those who attack you in melee.


Message History

The adder bites you.
You are poisoned.
The adder poisons you! The ball python barely misses you.
You furiously retaliate!
You headbutt the ball python!
You kill the ball python!
Trog accepts your kill.
You barely miss the adder.
The adder is heavily wounded.
You feel sick. The adder bites you.
You are more poisoned.
The adder poisons you!
Unknown command.
You barely miss the adder.
The adder is heavily wounded.
You feel sick. The adder bites you.
You are more poisoned.
The adder poisons you!
The ball python bites you but does no damage.
The ball python grabs you. The ball python constricts you.
The adder barely misses you. The ball python bites you.
The ball python barely misses you. The ball python constricts you.
You hit the ball python but do no damage.
The ball python is poisoned.
You feel very sick. The adder bites you. The ball python misses you.
The ball python closely misses you. The ball python constricts you.
Unknown command.
You escape the ball python's grasp.
The ball python attacks as you move away!
The ball python bites you.
* * * LOW HITPOINT WARNING * * *
The ball python attacks as you move away!
The ball python barely misses you.
* * * LOW HITPOINT WARNING * * *
You feel very sick. The adder bites you.
* * * LOW HITPOINT WARNING * * *
It was a potion of resistance.
You feel protected.
You die...

.... #.....
....###....####
..............##..
......<...........
.................#
................#
................##
......SSw.........
##.....S@.........
..........<.....#
..................
###...............
#........<......
#.............J.
#..###...........
#.# #....##..#..
#....# #...#


You could see a worm, an adder (poisoned) and 2 ball pythons.

Vanquished Creatures
  A dart slug (D:1)
  2 ball pythons
  3 bats (D:1)
  3 endoplasms (D:1)
  A giant cockroach (D:1)
  2 goblins (D:1)
  3 jackals (D:1)
  2 kobolds (D:1)
  A quokka (D:1)
  3 frilled lizards (D:1)
  A rat (D:2)
22 creatures vanquished.

Notes
Turn   | Place    | Note
-------+----------+-------------------------------------------
     0 | D:1      | Zeld the Minotaur Berserker began the quest for the Orb.
     0 | D:1      | Reached XP level 1. HP: 19/19 MP: 0/0
   137 | D:1      | Reached XP level 2. HP: 23/27 MP: 1/1
   221 | D:1      | Reached skill level 4 in Axes
   392 | D:1      | Found a faded altar of an unknown god.
   436 | D:1      | Reached ** piety under Trog
   656 | D:2      | Succumbed to an adder's poison

Illustrated notes

Levels and vault maps discovered:
D:1:      minmay_arrival_three_doors, layout_rooms,
          chequers_ecumenical_altar_simple, minmay_misc_feat_alley
D:2:      layout_rooms, uniq_natasha, uniq_jessica

Skill      XL: |  1  2 |
---------------+-------+-----
Axes           | 4 |  4.2
Fighting       | |  3.9
Armour         | |  2.9
Dodging        | |  2.6

Action                   || total
-------------------------++-------
Melee: Hand axe          ||    12
       Short sword       ||    22
       Headbutt          ||     2
  Use: Potion            ||     1
Armor: Animal skin       ||     9
Dodge: Dodged            ||    45
